 Dungeon Crawl Stone Soup version 0.32-a0-876-gcfddb08e57 (webtiles) character file.

Game seed: 3234177516506758641

153799 Bediveer the Warrior (level 17, 0/159 HPs)
             Began as a Mountain Dwarf Fighter on Mar 29, 2024.
             Was the Champion of Zin.
             Slain by a six-headed hydra (3 damage)
             ... on level 4 of the Swamp on Apr 1, 2024.
             The game lasted 01:03:23 (34075 turns).

Bediveer the Warrior (Mountain Dwarf Fighter)      Turns: 34075, Time: 01:03:24

Health: 0/159      AC: 22    Str: 34    XL:     17   Next: 5%
Magic:  19/24      EV: 12    Int: 10    God:    Zin [******]
Gold:   2999       SH: 23    Dex: 15    Spells: 16/16 levels left

rFire   + . .        M - +6 broad axe (flame)
rCold   + + .        V - +5 kite shield of Geobbur {Rampage rElec Str+6}
rNeg    . . .        o - +0 ice dragon scales
rPois   +            D - +0 helmet
rElec   +            d - +0 cloak
rCorr   .            s - +0 pair of gloves
SInv    .            h - +0 pair of boots
Will    +....        A - amulet of reflection Stlth
                     K - ring of Hioxec {rF++ Str+2 Dex+6 Slay-2}
HPRegen 0.46/turn    b - ring of poison resistance
MPRegen 0.19/turn

%: reflection, rampage
@: studying 2 skills, invisible
A: runic magic, artefact enchanting
a: Renounce Religion, Recite, Vitalisation, Imprison, Sanctuary, Donate Gold


You were on level 4 of the Swamp.
You worshipped Zin.
Zin was exalted by your worship.
You visited 6 branches of the dungeon, and saw 28 of its levels.
You also visited: Bailey and Ice Cave.

You collected 3218 gold pieces.
You donated 219 gold pieces to Zin.

Inventory:

Hand Weapons
 M - a +6 broad axe of flaming (weapon)
Missiles
 j - 4 poisoned darts
 T - a throwing net
Armour
 d - a +0 cloak (worn)
 h - a +0 pair of boots (worn)
 o - +0 ice dragon scales (worn)
 s - a +0 pair of gloves (worn)
 D - a +0 helmet (worn)
 V - the +5 kite shield of Geobbur (worn) {Rampage rElec Str+6}
   (You found it on level 2 of the Lair of Beasts)

   Str+6:     It affects your strength (+6).
   rElec:     It insulates you from electricity.
   Rampage:   It bestows one free step when moving towards enemies.
Jewellery
 b - a ring of poison resistance (right hand)
 i - a ring of protection from fire
 z - a +6 ring of strength
 A - an amulet of reflection (around neck)
 C - a ring of willpower
 G - the ring of Wu Jian, Singing {rN+ Str+5}
   (You found it on level 8 of the Dungeon)

   [ring of positive energy]

   Str+5:     It affects your strength (+5).
   rN+:       It protects you from negative energy.
 K - the ring of Hioxec (left hand) {rF++ Str+2 Dex+6 Slay-2}
   (You found it in an ice cave)

   [ring of dexterity]

   Str+2:     It affects your strength (+2).
   Dex+6:     It affects your dexterity (+6).
   Slay-2:    It affects your accuracy & damage with ranged weapons and melee
   (-2).
   rF++:      It greatly protects you from fire.
 O - a ring of protection from cold
 S - the ring of Xom's Capriciousness {rF+ rC- Int+4 Dex+6}
   (You found it on level 11 of the Dungeon)

   [ring of dexterity]

   Int+4:     It affects your intelligence (+4).
   Dex+6:     It affects your dexterity (+6).
   rF+:       It protects you from fire.
   rC-:       It makes you vulnerable to cold.
 W - a +4 ring of protection
Wands
 a - a wand of digging (8)
 J - a wand of roots (13)
 L - a wand of charming (22)
 N - a wand of flame (47)
 R - a wand of quicksilver (9)
Scrolls
 f - 3 scrolls of vulnerability
 k - 4 scrolls of teleportation
 l - 2 scrolls of torment
 r - 2 scrolls of amnesia
 t - 6 scrolls of noise
 v - a scroll of silence
 y - 4 scrolls of identify
 F - a scroll of fog
 H - 4 scrolls of poison
 I - a scroll of brand weapon
 U - a scroll of revelation
 Y - 3 scrolls of immolation
 Z - 3 scrolls of enchant armour
Potions
 c - a potion of attraction
 e - 2 potions of haste
 g - a potion of might
 m - 6 potions of brilliance
 n - 11 potions of curing
 p - a potion of ambrosia
 q - a potion of resistance
 u - 3 potions of enlightenment
 x - 3 potions of mutation
 B - 5 potions of degeneration
 E - 6 potions of heal wounds
 P - a potion of magic
Miscellaneous
 Q - a condenser vane


   Skills:
 + Level 16.3 Fighting
 - Level 16.2(18.0) Axes
 - Level 12.8(16.3) Maces & Flails
 + Level 15.8 Armour
 + Level 6.9 Dodging
 + Level 15.9 Shields
 - Level 10.0 Invocations


You had 16 spell levels left.
You didn't know any spells.
Your spell library contained the following spells:

 Spells                   Type           Power      Damage    Failure   Level
 Foxfire                  Conj/Fire      0%         2x1d4     50%         1
 Magic Dart               Conj           0%         1d3       50%         1
 Shock                    Conj/Air       0%         1d3       50%         1
 Sting                    Conj/Alch      0%         1d3       50%         1
 Ensorcelled Hibernation  Hex/Ice        0%         N/A       63%         2
 Mercury Vapours          Alch/Air       0%         N/A       63%         2
 Scorch                   Fire           0%         2d5       63%         2
 Searing Ray              Conj           0%         2d4       63%         2
 Frozen Ramparts          Ice            0%         1d1       86%         3
 Inner Flame              Hex/Fire       0%         N/A       86%         3
 Ozocubu's Armour         Ice            0%         N/A       86%         3
 Passwall                 Erth           0%         N/A       86%         3
 Swiftness                Air            0%         N/A       86%         3
 Volatile Blastmotes      Fire/Tloc      0%         2d10      86%         3
 Flame Wave               Conj/Fire      0%         2d4       99%         4
 Fulminant Prism          Conj/Alch      0%         3d5       99%         4
 Ignite Poison            Fire/Alch      0%         N/A       99%         4
 Olgreb's Toxic Radiance  Alch           0%         N/A       99%         4
 Sticky Flame             Fire/Alch      0%         2d4       99%         4
 Vhi's Electric Charge    Tloc/Air       0%         N/A       99%         4
 Alistair's Intoxication  Alch           0%         N/A       100%        5
 Borgnjor's Vile Clutch   Necr/Erth      0%         N/A       100%        5
 Metabolic Englaciation   Hex/Ice        0%         N/A       100%        5
 Bombard                  Conj/Erth      0%         9d1       100%        6
 Eringya's Noxious Bog    Alch           0%         4d6       100%        6
 Summon Cactus Giant      Summ           0%         N/A       100%        6
 Ignition                 Fire           0%         3d3       100%        8
 Fire Storm               Conj/Fire      0%         5d1       100%        9


Dungeon Overview and Level Annotations

Branches:
Dungeon (15/15)            Temple (1/1) D:5            Lair (5/5) D:11
  Swamp (4/4) Lair:2        Snake (0/4) Lair:3        Slime (0/5) Lair:4
    Orc (2/2) D:11            Elf (1/3) Orc:2        Vaults (0/5) D:14
 Depths (0/4) D:15         Bailey (visited)           IceCv (visited)

Altars:
Ashenzari
Cheibriados
Dithmenos
Elyvilon
Fedhas
Gozag
Hepliaklqana
Kikubaaqudgha
Makhleb
Nemelex Xobeh
Okawaru
Qazlal
Ru
Sif Muna
Trog
Uskayaw
Vehumet
Wu Jian
Xom
Yredelemnul
Zin
The Shining One
Beogh

Shops:
D:12 (   Orc:1 ![(   Orc:2 ?=([

Annotations:
D:8 3 runed translucent doors, dcgchant's ghost, novice DjIE
D:11 1 runed translucent door, AutarchDCSS's ghost, journeyman DrEn
D:12 3 runed translucent doors
Lair:5 2 transporters, exclusion: ice statue, Skular's ghost, journeyman DjFE
Swamp:1 4 transporters, exclusion: orange crystal statue, tweeg707's ghost, adept MDBe
Orc:1 2 runed translucent doors, Biggs's ghost, journeyman CoHu


Innate Abilities, Weirdness & Mutations

Your spellcasting is much less encumbered by armour.
You can use scrolls of enchantment on lesser artefacts.


Message History

The spriggan rider hits you but does no damage.
The tyrant leech is engulfed in spectral mist.
You block the tyrant leech's attack.
The spriggan druid is engulfed in spectral mist.
The spriggan druid hits you but does no damage.
The spriggan rider is engulfed in spectral mist.
The spriggan rider hits you from afar with a +0 spear!!
* * * LOW HITPOINT WARNING * * *
The shambling mangrove is engulfed in spectral mist.
The shambling mangrove completely misses you.
Activating: Sanctuary (16% risk of failure)
Press: ? - help, Dir - look around, f - activate You hear a choir sing!
By Zin's power, all foul fumes within the sanctuary are swept away.
By Zin's power, all blood is cleared from the sanctuary.
The monsters scatter in all directions!
Tree limbs sway around you.
Your surroundings suddenly seem different.
Splash!
You fall into the shallow water.
Moving in this stuff is going to be slow.
A six-headed hydra comes into view.
You feel yourself speed up.
You block the six-headed hydra's attack. x3
The six-headed hydra bites you but does no damage. x3
Okay, then.
You fade into invisibility!
You block the six-headed hydra's attack. x3
The six-headed hydra closely misses you.
The six-headed hydra bites you!
* * * LOW HITPOINT WARNING * * *
The six-headed hydra bites you!
* * * LOW HITPOINT WARNING * * *
There is a stone staircase leading up, spattered with blood here.
The six-headed hydra bites you but does no damage.
The six-headed hydra bites you!
* * * LOW HITPOINT WARNING * * *
You block the six-headed hydra's attack.
The six-headed hydra bites you.
You die...

~♣..~~~..~~.~.~~~..♣
~♣♣♣♣..~~÷♣~÷♣♣.~~~~♣♣
♣~~.~...~♣.÷.♣.~~~..♣
♣.~~..~..♣.~~.~~~~♣♣♣
♣......~.♣.~~÷...:.♣♣
♣♣..~♣.~.♣♣~~.~~~~.~♣
♣~~~~§♣~~♣♣..~~~~~~~♣
♣♣.~~.♣♣♣♣♣~.D~§~~~♣♣
♣♣..♣ ♣♣.@~~~~~♣ ♣♣♣
♣....^..~~♣
♣~...♣♣~..~~♣
...♣♣♣♣♣♣..~.♣ ~~~..
♣♣♣♣ .~♣♣♣ ♣♣


You could see a six-headed hydra (unable to see you).

Vanquished Creatures
  Jorgrun (D:15)
  Rupert (D:14)
  Kirke (D:14)
  An orc warlord (Orc:2)
  6 eleionomae
  Azrael (D:14)
  3 bunyips
  Josephine (D:15)
  4 shambling mangroves
  Harold (Lair:1)
  5 vault guards (D:14)
  An ice dragon (IceCv)
  13 hydras
  2 ghost crabs
  A sphinx zombie (D:15)
  15 alligators
  4 centaur warriors
  A catoblepas (Lair:4)
  5 ogre magi
  10 two-headed ogres
  2 boulder beetles
  A vampire mage (D:15)
  4 tengu warriors
  13 death yaks
  Urug (Lair:3)
  Sonja (Lair:4)
  2 skysharks (Lair:5)
  2 deep elf knights
  Nergalle (Lair:3)
  2 goliath frogs
  3 skeletal warriors (D:15)
  2 swamp dragons (Swamp:1)
  An arcanist (D:13)
  2 spriggan druids
  2 bog bodies
  A deep elf archer (D:13)
  4 orc knights
  2 deep elf zephyrmancers (Orc:2)
  A deep elf pyromancer (D:11)
  An obsidian bat (Orc:2)
  A necromancer (D:15)
  3 orc sorcerers (Orc:2)
  A will-o-the-wisp (Swamp:2)
  5 cyclopes
  5 manticores
  2 ugly things
  Joseph (D:10)
  3 black mambas
  5 elephants
  2 ice statues (IceCv)
  7 kobold blastminers (Orc:2)
  13 cane toads
  Maggie (D:7)
  A torpor snail (Lair:4)
  An unseen horror (shapeshifter) (D:15)
  4 gargoyles
  6 rime drakes
  2 unseen horrors
  2 yaktaurs (D:14)
  6 komodo dragons
  7 trolls
  6 polar bears
  8 tyrant leeches
  17 hornets
  Grinder (D:3)
  A spriggan zombie (D:15)
  Prince Ribbit (D:6)
  7 blink frogs
  21 dream sheep
  A jumping spider (shapeshifter) (D:12)
  3 vampires
  21 slime creatures
  5 wraiths
  22 spriggans
  6 wyverns
  6 hogs (D:14)
  A fire elemental (D:14)
  51 yaks
  A human (D:14)
  12 vampire mosquitoes
  6 basilisks
  9 wargs
  Eustachio (D:4)
  2 steam dragons
  Grum (Lair:1)
  Menkaure (D:7)
  2 acid dragons
  A naga (Lair:3)
  16 swamp worms
  3 hell hounds (D:14)
  41 water moccasins
  An ice beast (D:7)
  39 orc warriors
  6 black bears
  A swamp drake (Lair:3)
  18 ogres
  24 wolves
  3 boggarts (Lair:5)
  11 centaurs
  A gnoll sergeant (D:10)
  2 kobold brigands
  A scorpion (D:6)
  15 bullfrogs
  4 lindwurm simulacra (IceCv)
  14 killer bees
  3 electric eels
  3 howler monkeys
  2 bombardier beetles
  4 crimson imps (D:4)
  2 komodo dragon simulacra (IceCv)
  A jelly (D:6)
  11 hounds
  A gnoll bouda (D:7)
  23 orc priests
  Crazy Yiuf (D:3)
  4 iguanas
  Terence (D:3)
  26 orc wizards
  10 gnolls
  22 adders
  8 acid dragon simulacra (IceCv)
  4 white imps
  2 ufetubi (D:3)
  7 steam dragon simulacra (IceCv)
  2 ribbon worms (D:4)
  A dart slug (D:2)
  124 orcs
  5 ball pythons
  5 endoplasms
  4 giant cockroaches
  10 goblins
  9 hobgoblins
  2 quokkas
  2 bats
  9 frilled lizards
  17 kobolds
  4 rats
946 creatures vanquished.

Vanquished Creatures (others)
  An ogre mage (D:11)
  2 bloated husks (Swamp:3)
  6 foxfires (Swamp:2)
9 creatures vanquished.

Grand Total: 955 creatures vanquished

Notes
Turn   | Place    | Note
-------+----------+-------------------------------------------
     0 | D:1      | Bediveer the Mountain Dwarf Fighter began the quest for the
                  | Orb.
     0 | D:1      | Reached XP level 1. HP: 19/19 MP: 1/1
   510 | D:1      | Found a faded altar of an unknown god.
   739 | D:2      | Reached XP level 2. HP: 26/26 MP: 2/2
  1020 | D:2      | Reached XP level 3. HP: 23/33 MP: 3/3
  1295 | D:3      | Noticed Grinder
  1301 | D:3      | Paralysed by Grinder for 2 turns
  1308 | D:3      | Killed Grinder
  1309 | D:3      | Reached skill level 5 in Fighting
  1309 | D:3      | Reached XP level 4. HP: 25/42 MP: 4/4
  1309 | D:3      | Reached XP level 5. HP: 29/48 MP: 5/5
  1448 | D:3      | Found a snail-covered altar of Cheibriados.
  1465 | D:3      | Reached XP level 6. HP: 48/56 MP: 6/6
  1542 | D:3      | Found a runed translucent door.
  1543 | D:3      | Noticed Crazy Yiuf
  1551 | D:3      | Killed Crazy Yiuf
  1559 | D:3      | Identified the +9 hammer of Ymiruxe {heavy, rF++}
  1785 | D:3      | Noticed Terence
  1791 | D:3      | Killed Terence
  1873 | D:3      | Reached skill level 1 in Maces & Flails
  2648 | D:4      | Reached XP level 7. HP: 36/62 MP: 7/7
  2854 | D:4      | Noticed Eustachio
  2862 | D:4      | Killed Eustachio
  2955 | D:4      | Found a shimmering altar of Xom.
  2978 | D:4      | Reached skill level 5 in Armour
  3254 | D:4      | Found Sutaneot's Weapon Emporium.
  3337 | D:5      | Entered Level 5 of the Dungeon
  3563 | D:5      | Reached XP level 8. HP: 61/71 MP: 8/8
  3693 | D:5      | Found a shimmering blue altar of Sif Muna.
  3789 | D:5      | Reached skill level 5 in Maces & Flails
  3998 | D:5      | Found a staircase to the Ecumenical Temple.
  4038 | Temple   | Entered the Ecumenical Temple
  4076 | Temple   | Became a worshipper of Zin the Law-Giver
  4076 | Temple   | Reached * piety under Zin
  4155 | D:5      | Identified the +2 glaive "Murry" {drain, rElec Str-2 Int+2}
  5267 | D:6      | Found a sparkling altar of Nemelex Xobeh.
  5545 | D:6      | Reached XP level 9. HP: 81/81 MP: 9/9
  5591 | D:6      | Reached ** piety under Zin
  5960 | D:7      | Noticed Prince Ribbit
  6038 | D:6      | Killed Prince Ribbit
  6376 | D:7      | Noticed Menkaure
  6381 | D:7      | Killed Menkaure
  6522 | D:7      | Noticed Maggie
  6546 | D:7      | Killed Maggie
  6920 | D:8      | Found a runed translucent gate.
  6920 | D:8      | Found a runed translucent gate.
  6920 | D:8      | Found a runed translucent gate.
  6961 | D:8      | Found a bloodstained altar of Trog.
  7003 | D:8      | Got the Treatise on the Boulder and Combat Magic
  7041 | D:8      | Reached *** piety under Zin
  7043 | D:8      | Identified the ring of Wu Jian, Singing {rN+ Str+5}
  7049 | D:8      | Found a glowing golden altar of the Shining One.
  7252 | D:8      | Noticed dcgchant's ghost (novice DjIE)
  7606 | D:8      | Reached XP level 10. HP: 52/93 MP: 10/10
  7870 | D:9      | Found a hazy altar of Hepliaklqana.
  8004 | D:9      | Found an ancient bone altar of Kikubaaqudgha.
  8054 | D:9      | Reached skill level 10 in Fighting
  8203 | D:9      | Found a white marble altar of Elyvilon.
  8548 | D:9      | Noticed a two-headed ogre
  8557 | D:9      | Killed a two-headed ogre
  8623 | D:9      | Found a stormy altar of Qazlal.
  8699 | D:9      | Found a blossoming altar of Fedhas.
  9162 | D:10     | Entered Level 10 of the Dungeon
  9337 | D:10     | Found a flagged portal.
  9410 | D:10     | Noticed Joseph
  9419 | D:10     | Killed Joseph
  9420 | D:10     | Reached skill level 10 in Maces & Flails
  9576 | Bailey   | Entered a bailey
  9614 | Bailey   | Reached skill level 10 in Armour
  9635 | Bailey   | Reached skill level 1 in Invocations
 10083 | Bailey   | Identified the +1 scimitar "Roenomm" {drain, rPois Dex+3}
 10239 | Bailey   | Noticed a two-headed ogre
 10244 | Bailey   | Killed a two-headed ogre
 10245 | Bailey   | Reached XP level 11. HP: 88/102 MP: 11/13
 10514 | D:10     | Reached **** piety under Zin
 10972 | D:11     | Noticed a deep elf pyromancer
 10972 | D:11     | Found a runed translucent door.
 10975 | D:11     | Noticed AutarchDCSS's ghost (journeyman DrEn)
 10978 | D:11     | Identified the +1 pair of boots of the Ten of Cups {Rampage
                  | Slay-4 SInv}
 11072 | D:11     | Noticed a tengu warrior
 11073 | D:11     | Noticed an ogre mage
 11698 | D:11     | Noticed a green ugly thing
 11710 | D:11     | Killed a green ugly thing
 11726 | D:11     | Noticed a two-headed ogre
 11862 | D:10     | Reached skill level 5 in Shields
 11865 | D:10     | Killed a two-headed ogre
 12086 | D:11     | Found a staircase to the Lair.
 12253 | D:11     | Noticed an ogre mage
 12258 | D:11     | Paralysed by something for 5 turns
 12263 | D:11     | Killed a tengu warrior
 12264 | D:11     | Reached skill level 5 in Invocations
 12267 | D:11     | Killed an ogre mage
 12441 | D:11     | Killed a deep elf pyromancer
 12547 | D:11     | Killed an ogre mage
 12794 | D:11     | Identified the staff "Roabugom" {rN+ Str+4 Necro}
 12873 | D:11     | Reached XP level 12. HP: 95/112 MP: 16/16
 13066 | D:11     | Found a staircase to the Orcish Mines.
 13208 | D:11     | Identified the ring of Xom's Capriciousness {rF+ rC- Int+4
                  | Dex+6}
 13263 | D:11     | Upgraded the game from 0.32-a0-868-g153ae1a8d6 to
                  | 0.32-a0-871-ge202e49faa
 13304 | Lair:1   | Entered Level 1 of the Lair of Beasts
 13378 | Lair:1   | Noticed Harold
 13390 | Lair:1   | Killed Harold
 13437 | Lair:1   | Reached ***** piety under Zin
 13508 | Lair:1   | Noticed Grum
 13570 | Lair:1   | Killed Grum
 14780 | Lair:1   | Noticed an eight-headed hydra
 14788 | Lair:1   | Killed an eight-headed hydra
 15025 | Lair:2   | Noticed a five-headed hydra
 15034 | Lair:2   | Killed a five-headed hydra
 15533 | Lair:2   | Identified the +4 kite shield of Geobbur {Rampage rElec
                  | Str+6}
 15875 | Lair:2   | Found a staircase to the Swamp.
 16473 | Lair:3   | Found a staircase to the Snake Pit.
 16552 | Lair:3   | Noticed Nergalle
 16570 | Lair:3   | Killed Nergalle
 16620 | Lair:3   | Noticed Urug
 16626 | Lair:3   | Reached skill level 10 in Axes
 16628 | Lair:3   | Reached XP level 13. HP: 61/119 MP: 19/19
 16633 | Lair:3   | Killed Urug
 17321 | Lair:3   | Reached skill level 10 in Invocations
 18395 | Lair:4   | Reached skill level 10 in Shields
 18662 | Lair:4   | Noticed Sonja
 18669 | Lair:4   | Killed Sonja
 18732 | Lair:4   | Reached ****** piety under Zin
 18781 | Lair:4   | Found a staircase to the Slime Pits.
 19071 | Lair:5   | Entered Level 5 of the Lair of Beasts
 19216 | Lair:5   | Reached XP level 14. HP: 126/127 MP: 21/21
 19425 | Lair:5   | Found a transporter.
 19427 | Lair:5   | Found a transporter.
 19435 | Lair:5   | Noticed Skular's ghost (journeyman DjFE)
 19473 | Lair:5   | Reached skill level 15 in Axes
 19994 | Lair:5   | Identified the blade talisman of Restlessness {rN++ Str+3
                  | Int+5}
 21377 | Orc:1    | Entered Level 1 of the Orcish Mines
 21377 | Orc:1    | Found Qifoene's Armour Emporium.
 21442 | Orc:1    | Found Lahij's Antique Weapon Boutique.
 21630 | Orc:1    | Found Cecurun's Distillery.
 21881 | Orc:1    | Found a large runed translucent door.
 21882 | Orc:1    | Found a large runed translucent door.
 21889 | Orc:1    | Noticed Biggs's ghost (journeyman CoHu)
 22150 | Orc:2    | Entered Level 2 of the Orcish Mines
 22160 | Orc:2    | Paralysed by an orc sorcerer for 3 turns
 22333 | Orc:2    | Found a staircase to the Elven Halls.
 22533 | Orc:2    | Found a roughly hewn altar of Beogh.
 22725 | Orc:2    | Found a roughly hewn altar of Beogh.
 22726 | Orc:2    | Found Gaqoul's Magic Scroll Shop.
 22864 | Orc:2    | Reached XP level 15. HP: 123/136 MP: 22/22
 23053 | Orc:2    | Found a roughly hewn altar of Beogh.
 23075 | Orc:2    | Found Bodon's Jewellery Emporium.
 23299 | Orc:2    | Found a roughly hewn altar of Beogh.
 23655 | Orc:2    | Found Ycinwu's Antique Armour Shoppe.
 24020 | Orc:2    | Found a roughly hewn altar of Beogh.
 24203 | Orc:2    | Found a roughly hewn altar of Beogh.
 24203 | Orc:2    | Found Inoexese's Antique Weapon Emporium.
 24242 | Orc:2    | Upgraded the game from 0.32-a0-871-ge202e49faa to
                  | 0.32-a0-876-gcfddb08e57
 24583 | D:12     | Found a runed translucent gate.
 24583 | D:12     | Found a runed translucent gate.
 24585 | D:12     | Found a runed translucent gate.
 24853 | D:12     | Found the +13 sword of the Doom Knight {doom -Cast ^Drain
                  | Will+}
 24859 | D:12     | Found Zemeonol's Weapon Emporium.
 25287 | D:13     | Found a frozen archway.
 25319 | IceCv    | Entered an ice cave
 25866 | IceCv    | Found the +2 Maxwell's thermic engine {flame, freeze, rev}
 26019 | IceCv    | Identified the ring of Hioxec {rF++ Str+2 Dex+6 Slay-2}
 26381 | D:13     | Identified the +0 robe "Qekhuvet" {Rampage rCorr}
 26591 | D:13     | Identified the +3 ring mail "Ilackikh" {rC+ rCorr Int+3}
 27604 | D:14     | Noticed Azrael
 27604 | D:14     | Noticed Rupert
 27619 | D:14     | Killed Rupert
 27632 | D:14     | Killed Azrael
 27890 | D:14     | Noticed Kirke
 27914 | D:14     | Killed Kirke
 28286 | D:14     | Found a gate to the Vaults.
 28343 | D:14     | Reached skill level 15 in Fighting
 28633 | D:15     | Entered Level 15 of the Dungeon
 28644 | D:15     | Reached skill level 1 in Dodging
 28715 | D:15     | Found a staircase to the Depths.
 28725 | D:15     | Reached XP level 16. HP: 133/149 MP: 23/23
 29642 | D:15     | Noticed Jorgrun
 29645 | D:15     | Noticed Josephine
 29659 | D:15     | Killed Jorgrun
 29660 | D:15     | Reached skill level 15 in Shields
 29660 | D:15     | Killed Josephine
 30171 | Elf:1    | Entered Level 1 of the Elven Halls
 30608 | Swamp:1  | Entered Level 1 of the Swamp
 30608 | Swamp:1  | Found a transporter.
 30617 | Swamp:1  | Noticed a thorn hunter
 30618 | Swamp:1  | Found a transporter.
 30844 | Swamp:1  | Found a transporter.
 30856 | Swamp:1  | Noticed tweeg707's ghost (adept MDBe)
 30961 | Swamp:1  | Reached skill level 15 in Armour
 31465 | Swamp:1  | Noticed a tentacled monstrosity
 31465 | Swamp:1  | Found a transporter.
 31475 | Swamp:1  | Reached skill level 5 in Dodging
 32238 | Swamp:2  | Identified the +5 flail of Efughoec {holy, Int+3}
 33292 | Swamp:4  | Entered Level 4 of the Swamp
 33929 | Swamp:4  | Reached XP level 17. HP: 145/158 MP: 24/24
 34075 | Swamp:4  | HP: 3/159 [six-headed hydra (11)]
 34075 | Swamp:4  | Slain by a six-headed hydra

Illustrated notes

Levels and vault maps discovered:
D:1:      nicolae_arrival_washed_ashore, layout_basic,
          chequers_ecumenical_altar_simple
D:2:      layout_rooms, amcnicky_mini_pool_small, minmay_lizard_pond
D:3:      cheibrodos_greedy_goblins, layout_basic, overflow_temple_1_default,
          minmay_misc_feat_five, uniq_grinder, uniq_crazy_yiuf_cottage,
          uniq_terence
D:4:      layout_rooms, led_xom_imps, serial_shops, kennysheep_mini_moat,
          serial_library_hellmonk_recessed_alcove, uniq_eustachio
D:5:      layout_loops_corners, kennysheep_orc_sif_temple,
          minmay_temple_entry_wispy
D:6:      layout_loops_cross, nemelex_dance_club_becter, patterned_corridor
D:7:      layout_cave_pools, uniq_prince_ribbit1, uniq_maggie, uniq_menkaure
D:8:      layout_basic, mainiacjoe_overflow_small_starburst,
          mainiacjoe_overflow_chevrons, gammafunk_ghost_spectres
D:9:      layout_cave_pods, grunt_temple_overflow_forces_of_nature,
          mainiacjoe_overflow_24_doors, mainiacjoe_overflow_large_starburst,
          serial_co_window_serial, co_window_corner_a,
          co_window_of_opportunity_a, co_window_corner_a,
          co_window_of_opportunity_a, co_window_paths_b, co_window_paths_a,
          co_window_corner_a, co_window_paths_b, co_window_of_opportunity_a,
          co_window_broadway_b, co_window_corner_cb, co_window_2corner,
          co_window_2corner, co_window_paths_d, glass_columns_a,
          glass_columns_a, glass_columns_c, glass_columns_a
D:10:     layout_long_grid, enter_bailey_8, minmay_strange_pillars, uniq_joseph
D:11:     layout_loops_cross, erik_lair_island, david_orc_4,
          hellmonk_ghost_big_iron, minmay_diamond_spiral
D:12:     layout_cave_pools, serial_shops, shop,
          ploomutoo_gammafunk_ghost_potion_laboratory
D:13:     layout_grid_maze, portal_ice_cave_entry_pillars_2,
          beargit_elvish_explorers
D:14:     layout_loops_ring, grunt_vaults_entry_fortified,
          hangedman_decor_riveting, uniq_azrael, uniq_rupert, uniq_kirke
D:15:     gammafunk_depths_entry_grave, layout_irregular_city,
          minmay_misc_feat_room, uniq_josephine, uniq_jorgrun
Temple:   grunt_temple_mini_profane
Lair:1:   layout_concentric_octagons, infiniplex_staircase_pool_2, uniq_harold,
          uniq_grum
Lair:2:   layout_hall_layers, minmay_swamp_entry_worms,
          infiniplex_staircase_pool, lemuel_fruit_tree
Lair:3:   lemuel_reptile_caves, layout_gridlike, guppyfry_snake_entry_island,
          uniq_nergalle, uniq_urug
Lair:4:   layout_gridlike, dpeg_slime_entry_enclosed, grunt_megastairs_3,
          serial_bayou_shore_a, uniq_sonja
Lair:5:   minmay_lair_end_enchanted_forest, layout_regular_city,
          nzn_ghost_randoct, lemuel_fruit_fields
Swamp:1:  gammafunk_sealed_arena, layout_falls_marsh, gammafunk_ghost_arena,
          hangedman_swamp_ruin_hall
Swamp:2:  layout_basic_swamp, nicolae_swamp_fairy_circle, swamp_pool_3,
          nicolae_swamp_big_swirl
Swamp:3:  layout_falls_marsh, nicolae_swamp_ascending_descending_big
Swamp:4:  swamp_basic_johnstein, layout_basic_swamp
Orc:1:    cheibrodos_orc_arena, layout_caves, ebering_ghost_disaster_area,
          serial_shops, nicolae_shop_gibbet_a_chance,
          nicolae_shop_industrial_runoff, nicolae_shop_rolling_square
Orc:2:    grunt_orc_community_town_hall, layout_diamond_mine,
          grunt_orc_community_big_house_2, grunt_orc_community_big_house_1,
          grunt_orc_community_house_3, grunt_orc_community_house_2,
          grunt_orc_community_house_1, grunt_orc_community_house_3,
          grunt_orc_community_house_3, mines4_lemuel
Elf:1:    elf_arrival_002, layout_gridlike, ebering_ghost_inner_flame,
          nicolae_trove_entry_path_of_doom,
          portal_desolation_entry_nicolae_slug, hangedman_elf_represent,
          grunt_megastairs_5

Skill      XL: |  1  2  3  4  5  6  7  8  9 10 11 12 13 14 15 16 |
---------------+-------------------------------------------------+-----
Axes           | 3 6 10 14 16 | 16.2
Fighting       | 5 6 8 9 11 12 13 15 16 | 16.3
Maces & Flails | 2 4 6 8 10 11 12 | 12.8
Armour         | 4 5 7 8 10 11 12 14 15 | 15.8
Invocations    | 2 6 9 10 | 10.0
Shields        | 4 6 8 10 12 14 15 | 15.9
Dodging        | 1 6 |  6.9

Action                     |  1- 3 |  4- 6 |  7- 9 | 10-12 | 13-15 | 16-18 || total
---------------------------+-------+-------+-------+-------+-------+-------++-------
  Melee: War axe           |    80 |    22 |       |       |       |       ||   102
         Mace              |       |    60 |   256 |   344 |       |       ||   660
         Broad axe         |       |       |       |   149 |  1215 |   468 ||  1832
  Throw: Dart              |       |       |       |     8 |       |       ||     8
         Throwing net      |       |       |       |     3 |     1 |       ||     4
 Invoke: Recite            |       |       |       |       |     2 |     2 ||     4
         Vitalisation      |       |       |       |       |     1 |     1 ||     2
         Sanctuary         |       |       |       |       |       |     1 ||     1
  Evoke: Wand              |       |       |     9 |    10 |       |       ||    19
    Use: Scroll            |     5 |     3 |     7 |    11 |    12 |     6 ||    44
         Potion            |     1 |     1 |       |     5 |     3 |     4 ||    14
   Stab: Confused          |       |       |       |       |     3 |       ||     3
         Paralysed         |       |       |       |       |     1 |       ||     1
 Armour: Plate armour      |    82 |   126 |   379 |   639 |   559 |       ||  1785
         Scale mail        |    12 |       |       |       |       |       ||    12
         Ice dragon scales |       |       |       |       |   115 |   336 ||   451
  Dodge: Dodged            |    27 |    28 |   135 |   218 |   177 |   120 ||   705
  Block: Buckler           |    13 |    21 |    76 |   162 |       |       ||   272
         Kite shield       |       |       |       |    38 |   896 |   543 ||  1477
         Reflection        |       |       |       |       |    42 |    21 ||    63

Table legend: (Time is in decaauts)
 A = Elapsed time spent in this place.
 B = Non-inter-level travel time spent in this place.
 C = Inter-level travel time spent in this place.
 D = Time resting spent in this place.
 E = Time spent auto-exploring this place.
 F = Levels seen in this place.
 G = Mean time per level.
                   A        B        C        D        E       F      G
               +--------+--------+--------+--------+--------+-----+--------+
         Total |  34241 |  32625 |   1616 |   3455 |  23709 |  30 | 1141.4 |
       Dungeon |  18164 |  17104 |   1060 |   1706 |  12785 |  15 | 1210.9 |
        Temple |     89 |      6 |     83 |      0 |      0 |   1 |   89.0 |
          Lair |   7484 |   7232 |    252 |    579 |   5421 |   5 | 1496.8 |
         Swamp |   3500 |   3434 |     66 |    629 |   2181 |   4 |  875.0 |
  Orcish Mines |   3366 |   3213 |    153 |    249 |   2475 |   2 | 1683.0 |
   Elven Halls |     11 |     11 |      0 |      0 |      0 |   1 |   11.0 |
        Bailey |    847 |    847 |      0 |    192 |    466 |   1 |  847.0 |
      Ice Cave |    778 |    778 |      0 |    100 |    379 |   1 |  778.0 |
               +--------+--------+--------+--------+--------+-----+--------+

Top non-repeatable levels by time:
   Orc:2: 2402 daAuts
    D:11: 2305 daAuts
  Lair:4: 1912 daAuts
    D:10: 1839 daAuts
     D:3: 1572 daAuts
    D:14: 1555 daAuts
  Lair:5: 1552 daAuts
  Lair:2: 1452 daAuts
     D:9: 1391 daAuts
     D:5: 1384 daAuts
     D:6: 1339 daAuts
  Lair:3: 1336 daAuts
 Swamp:1: 1322 daAuts
  Lair:1: 1229 daAuts
    D:13: 1219 daAuts
